3R
GERMANTOWN URUGUAYANS @ BOMPTON BABY LAKERS
08/25/2039
 
TOP OF THE 1ST
Germantown Uruguayans batting - Pitching for Bompton Baby Lakers : LHP Jason Cormack
Pitching: LHP Jason Cormack
Batting: RHB Will Gamble 0-0: Ball
1-0: Called Strike
1-1: Called Strike
1-2: Ball
2-2: Strikes out swinging, 2-3 out at first.
Batting: LHB Vicente Torres 0-0: Ball
1-0: DOUBLE (Line Drive, 78D, EV 106.9 MPH)
Batting: RHB Dana O'Quinlevan 0-0: Foul Ball, location: 2F
0-1: Swinging Strike
0-2: Ground out 6-3 (Groundball, 6, EV 78.1 MPH)
Vicente Torres to third
Batting: RHB Pancho Hernández 0-0: Ball
1-0: Ground out 5-3 (Groundball, 56S, EV 80.0 MPH)
Top of the 1st over - 0 runs, 1 hit, 0 errors, 1 left on base; Germantown 0 - Bompton 0
BOTTOM OF THE 1ST
Bompton Baby Lakers batting - Pitching for Germantown Uruguayans : RHP José Jiménez
Pitching: RHP José Jiménez
Batting: LHB Reginald James 0-0: Ball
1-0: Called Strike
1-1: Called Strike
1-2: Strikes out swinging
Batting: RHB Denny Wolfe 0-0: Ball
1-0: Called Strike
1-1: Fly out, F8 (Flyball, 8LS, EV 89.4 MPH)
Batting: LHB Jon Kelly 0-0: Ball
1-0: Fly out, F8 (Line Drive, 8RM, EV 93.8 MPH)
Bottom of the 1st over - 0 runs, 0 hits, 0 errors, 0 left on base; Germantown 0 - Bompton 0
TOP OF THE 2ND
Germantown Uruguayans batting - Pitching for Bompton Baby Lakers : LHP Jason Cormack
Batting: RHB D'Artagnan Rasberry 0-0: Called Strike
0-1: SINGLE (Line Drive, 8LM, EV 98.8 MPH)
Batting: LHB Mhelter Narcida 0-0: Called Strike
0-1: Called Strike
0-2: Fly out, F3 (Line Drive, 3, EV 67.5 MPH)
Lined into DP, U3 (Line Drive, 3, EV 63.8 MPH)
Batting: RHB Estêvão Reimonde 0-0: Foul Ball, location: 2F
0-1: Fly out, F9 (Flyball, 9D, EV 108.8 MPH)
Top of the 2nd over - 0 runs, 1 hit, 0 errors, 0 left on base; Germantown 0 - Bompton 0
BOTTOM OF THE 2ND
Bompton Baby Lakers batting - Pitching for Germantown Uruguayans : RHP José Jiménez
Batting: RHB Rick Pawlowicz 0-0: Foul Ball, location: 2F
0-1: Foul Ball, location: 2F
0-2: Strikes out looking
Batting: LHB Jonathan Winston 0-0: Called Strike
0-1: Foul Ball, location: 2F
0-2: Foul Ball, location: 2F
0-2: Ball
1-2: Strikes out swinging
Batting: RHB Dave Reynolds 0-0: Foul Ball, location: 2F
0-1: Foul Ball, location: 2F
0-2: Hit by Pitch
Batting: LHB Tony San Pedro 0-0: Swinging Strike
0-1: Ball
1-1: Ball
2-1: DOUBLE (Flyball, 8RXD, EV 106.2 MPH)
Dave Reynolds to third
Runner from 3rd tries for Home, SAFE, throw by CF to home
Batting: LHB Elijah Scott 0-0: Called Strike
0-1: Ball
1-1: Ball
2-1: Foul Ball, location: 2F
2-2: Foul Ball, location: 2F
2-2: Ball
3-2: Strikes out swinging
Bottom of the 2nd over - 1 run, 1 hit, 0 errors, 1 left on base; Germantown 0 - Bompton 1
TOP OF THE 3RD
Germantown Uruguayans batting - Pitching for Bompton Baby Lakers : LHP Jason Cormack
Batting: RHB Harley Lambert 0-0: Swinging Strike
0-1: Foul Ball, location: 2F
0-2: Ball
1-2: Strikes out swinging
Batting: RHB Pepe Rodríguez 0-0: Swinging Strike
0-1: Ball
1-1: Foul Ball, location: 2F
1-2: Ball
2-2: Fly out, F8 (Line Drive, 8LM, EV 88.8 MPH)
Batting: RHB Will Gamble 0-0: Swinging Strike
0-1: Ball
1-1: Called Strike
1-2: Strikes out swinging
Top of the 3rd over - 0 runs, 0 hits, 0 errors, 0 left on base; Germantown 0 - Bompton 1
BOTTOM OF THE 3RD
Bompton Baby Lakers batting - Pitching for Germantown Uruguayans : RHP José Jiménez
Batting: SHB Bill Gatacre 0-0: Ball
1-0: Fly out, F8 (Line Drive, 8LD, EV 91.9 MPH)
Batting: LHB Reginald James 0-0: Called Strike
0-1: Ball
1-1: Swinging Strike
1-2: Ball
2-2: Ball
3-2: Strikes out looking
Batting: RHB Denny Wolfe 0-0: Called Strike
0-1: Foul Ball, location: 2F
0-2: Ball
1-2: Ball
2-2: Ball
3-2: Base on Balls
Batting: LHB Jon Kelly 0-0: Ball
1-0: Fly out, F9 (Flyball, 9S, EV 73.1 MPH)
Bottom of the 3rd over - 0 runs, 0 hits, 0 errors, 1 left on base; Germantown 0 - Bompton 1
TOP OF THE 4TH
Germantown Uruguayans batting - Pitching for Bompton Baby Lakers : LHP Jason Cormack
Batting: LHB Vicente Torres 0-0: Foul Ball, location: 2F
0-1: Ball
1-1: Bunted foul
1-2: Ball
2-2: Foul Ball, location: 2F
2-2: Foul Ball, location: 2F
2-2: Foul Ball, location: 2F
2-2: Ball
3-2: Strikes out swinging
Batting: RHB Dana O'Quinlevan 0-0: Ball
1-0: DOUBLE (Groundball, 5L, EV 100.0 MPH)
Batting: RHB Pancho Hernández 0-0: Swinging Strike
0-1: Ball
1-1: Called Strike
1-2: Strikes out swinging
Batting: RHB D'Artagnan Rasberry 0-0: Ball
1-0: Ball
2-0: SINGLE (Line Drive, 4MD, EV 107.5 MPH)
Dana O'Quinlevan to third
Runner from 3rd tries for Home, SAFE, throw by CF to home
Batting: LHB Mhelter Narcida 0-0: Called Strike
0-1: Called Strike
0-2: Ball
1-2: Foul Ball, location: 2F
1-2: Strikes out swinging
Top of the 4th over - 1 run, 2 hits, 0 errors, 1 left on base; Germantown 1 - Bompton 1
BOTTOM OF THE 4TH
Bompton Baby Lakers batting - Pitching for Germantown Uruguayans : RHP José Jiménez
Batting: RHB Rick Pawlowicz 0-0: Called Strike
0-1: Called Strike
0-2: Ball
1-2: Fly out, F8 (Flyball, 8LD, EV 102.5 MPH)
Batting: LHB Jonathan Winston 0-0: Called Strike
0-1: Called Strike
0-2: Ball
1-2: Foul Ball, location: 2F
1-2: Ball
2-2: Foul Ball, location: 2F
2-2: Foul Ball, location: 2F
2-2: Ball
3-2: Foul Ball, location: 2F
3-2: Strikes out swinging
Batting: RHB Dave Reynolds 0-0: Ball
1-0: Ball
2-0: Ball
3-0: Called Strike
3-1: SINGLE (Line Drive, 8LS, EV 93.1 MPH)
Batting: LHB Tony San Pedro 0-0: Foul Ball, location: 2F
0-1: Ball
1-1: SINGLE (Line Drive, 78M, EV 100.0 MPH)
Dave Reynolds to second
Batting: LHB Elijah Scott 0-0: SINGLE (Groundball, 34D, EV 95.0 MPH)
Dave Reynolds to third
Tony San Pedro to second
Runner from 3rd tries for Home, SAFE, no throw by RF
Batting: SHB Bill Gatacre 0-0: Fly out, F6 (Popup, 6, EV 58.8 MPH)
Bottom of the 4th over - 1 run, 3 hits, 0 errors, 2 left on base; Germantown 1 - Bompton 2
TOP OF THE 5TH
Germantown Uruguayans batting - Pitching for Bompton Baby Lakers : LHP Jason Cormack
Batting: RHB Estêvão Reimonde 0-0: Ball
1-0: Foul Ball, location: 2F
1-1: Foul Ball, location: 2F
1-2: Ground out 4-3 (Groundball, 4, EV 88.1 MPH)
Batting: RHB Harley Lambert 0-0: Fly out, F7 (Flyball, 7D, EV 100.6 MPH)
Batting: RHB Pepe Rodríguez 0-0: Ball
1-0: Ball
2-0: Fly out, F5 (Line Drive, 5, EV 66.9 MPH)
Top of the 5th over - 0 runs, 0 hits, 0 errors, 0 left on base; Germantown 1 - Bompton 2
BOTTOM OF THE 5TH
Bompton Baby Lakers batting - Pitching for Germantown Uruguayans : RHP José Jiménez
Batting: LHB Reginald James 0-0: Ball
1-0: DOUBLE (Flyball, 89XD, EV 107.5 MPH)
Batting: RHB Denny Wolfe 0-0: Ball
1-0: Ball
2-0: Ball
3-0: Called Strike
3-1: Base on Balls
Batting: LHB Jon Kelly 0-0: DOUBLE (Line Drive, 8RXD, EV 101.9 MPH)
Reginald James scores
Denny Wolfe to third
Batting: RHB Rick Pawlowicz 0-0: Ball
1-0: SINGLE (Groundball, 6D, EV 96.9 MPH)
Denny Wolfe scores
Jon Kelly to third
Batting: LHB Jonathan Winston 0-0: Foul Ball, location: 2F
0-1: Swinging Strike
0-2: Ball
1-2: Ball
2-2: Foul Ball, location: 2F
2-2: Fly out, F9 (Flyball, 9S, EV 95.6 MPH)
Batting: RHB Dave Reynolds 0-0: Reached on error, E4 (Groundball, 4M, EV 103.8 MPH)
Jon Kelly scores
Rick Pawlowicz to second
Pitching: LHP António Valdéz
Batting: LHB Tony San Pedro 0-0: Ball
1-0: Called Strike
1-1: Foul Ball, location: 2F
1-2: Strikes out swinging
Batting: LHB Elijah Scott 0-0: Fly out, F7 (Flyball, 7D, EV 100.0 MPH)
Bottom of the 5th over - 3 runs, 3 hits, 1 error, 2 left on base; Germantown 1 - Bompton 5
TOP OF THE 6TH
Germantown Uruguayans batting - Pitching for Bompton Baby Lakers : LHP Jason Cormack
Batting: RHB Will Gamble 0-0: Fly out, F9 (Flyball, 9S, EV 93.8 MPH)
Batting: LHB Vicente Torres 0-0: Fly out, F8 (Line Drive, 8LD, EV 103.1 MPH)
Batting: RHB Dana O'Quinlevan 0-0: Ball
1-0: Ball
2-0: Called Strike
2-1: Swinging Strike
2-2: Strikes out swinging
Top of the 6th over - 0 runs, 0 hits, 0 errors, 0 left on base; Germantown 1 - Bompton 5
BOTTOM OF THE 6TH
Bompton Baby Lakers batting - Pitching for Germantown Uruguayans : LHP António Valdéz
Batting: SHB Bill Gatacre 0-0: Ball
1-0: Ball
2-0: SINGLE (Groundball, 56D, EV 108.8 MPH)
Batting: LHB Reginald James 0-0: Called Strike
0-1: Ball
1-1: Ball
2-1: Ball
3-1: DOUBLE (Groundball, 3L, EV 105.6 MPH)
Bill Gatacre to third
Runner from 3rd tries for Home, SAFE, throw by RF to home
Batting: RHB Denny Wolfe 0-0: Ball
1-0: Foul Ball, location: 2F
1-1: Foul Ball, location: 2F
1-2: Ball
2-2: Reached on error, E4 (Groundball, 4, EV 80.6 MPH)
Reginald James to third
Batting: LHB Jon Kelly 0-0: TRIPLE (Flyball, 8LXD, EV 106.2 MPH)
Reginald James scores
Denny Wolfe scores
Batting: RHB Rick Pawlowicz 0-0: Ball
1-0: Ball
2-0: Ground out 1-3 (Groundball, 13S, EV 69.4 MPH)
Batting: LHB Jonathan Winston 0-0: SINGLE (Flyball, 78S, EV 85.0 MPH)
Jon Kelly scores
Batting: RHB Dave Reynolds 0-0: Ball
1-0: Foul Ball, location: 2F
1-1: Called Strike
1-2: Ball
2-2: Ball
3-2: Grounds into double play, 6-4-3 (Groundball, 56, EV 103.8 MPH)
Bottom of the 6th over - 4 runs, 4 hits, 1 error, 0 left on base; Germantown 1 - Bompton 9
TOP OF THE 7TH
Germantown Uruguayans batting - Pitching for Bompton Baby Lakers : LHP Jason Cormack
Batting: RHB Pancho Hernández 0-0: Called Strike
0-1: Ball
1-1: Foul Ball, location: 2F
1-2: Foul Ball, location: 2F
1-2: Foul Ball, location: 2F
1-2: Ball
2-2: Foul Ball, location: 2F
2-2: Foul Ball, location: 2F
2-2: Strikes out swinging
Batting: RHB D'Artagnan Rasberry 0-0: Called Strike
0-1: Fly out, F7 (Flyball, 78S, EV 93.1 MPH)
Batting: LHB Mhelter Narcida 0-0: Called Strike
0-1: Ball
1-1: Ball
2-1: Ball
3-1: Foul Ball, location: 2F
3-2: Base on Balls
Batting: RHB Estêvão Reimonde 0-0: Ball
1-0: Ball
2-0: Called Strike
2-1: Fly out, F5 (Popup, 15, EV 83.8 MPH)
Top of the 7th over - 0 runs, 0 hits, 0 errors, 1 left on base; Germantown 1 - Bompton 9
BOTTOM OF THE 7TH
Bompton Baby Lakers batting - Pitching for Germantown Uruguayans : LHP António Valdéz
Batting: LHB Tony San Pedro 0-0: Ball
1-0: Ball
2-0: Foul Ball, location: 2F
2-1: SINGLE (Line Drive, 7LS, EV 100.6 MPH)
Batting: LHB Elijah Scott 0-0: Ball
1-0: Ball
2-0: Called Strike
2-1: Ball
3-1: Called Strike
3-2: Base on Balls
Tony San Pedro to second
Batting: SHB Bill Gatacre 0-0: Called Strike
0-1: Grounds into double play, 3-6-3 (Groundball, 34, EV 75.6 MPH)
Tony San Pedro to third
Batting: LHB Reginald James 0-0: Ball
1-0: Swinging Strike
1-1: Swinging Strike
1-2: SINGLE (Groundball, 5, EV 85.0 MPH) (infield hit)
Tony San Pedro scores
Batting: RHB Denny Wolfe 0-0: Ball
1-0: Ball
2-0: Ball
3-0: Base on Balls
Reginald James to second
Pinch Hitting: RHB Donnie Haggard 0-0: Swinging Strike
0-1: Ball
1-1: Called Strike
1-2: Foul Ball, location: 2F
1-2: Ball
2-2: Ball
3-2: Base on Balls
Reginald James to third
Denny Wolfe to second
Batting: RHB Rick Pawlowicz 0-0: Foul Ball, location: 2F
0-1: Ball
1-1: Foul Ball, location: 2F
1-2: Ball
2-2: Ball
3-2: SINGLE (Groundball, 6D, EV 101.2 MPH)
Reginald James scores
Denny Wolfe to third
Donnie Haggard to second
Denny Wolfe scores
Donnie Haggard to third
Pitching: RHP Masujiro Kanemura
Batting: LHB Jonathan Winston 0-0: Called Strike
0-1: Ball
1-1: Fielders Choice at 2nd, 6-4 (Groundball, 6, EV 82.5 MPH)
Bottom of the 7th over - 3 runs, 3 hits, 0 errors, 2 left on base; Germantown 1 - Bompton 12
TOP OF THE 8TH
Germantown Uruguayans batting - Pitching for Bompton Baby Lakers : LHP Jason Cormack
Now at 2B: Donnie Haggard
Batting: RHB Harley Lambert 0-0: Called Strike
0-1: Called Strike
0-2: SINGLE (Groundball, 34D, EV 103.8 MPH)
Pitching: RHP Pablo Ramos
Batting: RHB Pepe Rodríguez 0-0: Swinging Strike
0-1: Ball
1-1: Called Strike
1-2: Strikes out swinging
Batting: RHB Will Gamble 0-0: Called Strike
0-1: Ball
1-1: Foul Ball, location: 2F
1-2: Foul Ball, location: 2F
1-2: Fielders Choice at 2nd, 1-6 (Groundball, 13, EV 75.6 MPH)
Pinch Hitting: SHB Bertrand Bonhomme 0-0: Foul Ball, location: 2F
0-1: Foul Ball, location: 2F
0-2: Fly out, F8 (Flyball, 8LS, EV 91.9 MPH)
Top of the 8th over - 0 runs, 1 hit, 0 errors, 1 left on base; Germantown 1 - Bompton 12
BOTTOM OF THE 8TH
Bompton Baby Lakers batting - Pitching for Germantown Uruguayans : RHP Masujiro Kanemura
Now in CF: Bertrand Bonhomme
Batting: RHB Dave Reynolds 0-0: Called Strike
0-1: Ball
1-1: Swinging Strike
1-2: Strikes out swinging
Batting: LHB Tony San Pedro 0-0: Ball
1-0: Ball
2-0: Ball
3-0: Called Strike
3-1: Called Strike
3-2: Base on Balls
Batting: LHB Elijah Scott 0-0: Swinging Strike
0-1: Ball
1-1: Foul Ball, location: 2F
1-2: Strikes out swinging
Batting: SHB Bill Gatacre 0-0: Ball
1-0: Fly out, F9 (Flyball, 9LM, EV 89.4 MPH)
Bottom of the 8th over - 0 runs, 0 hits, 0 errors, 1 left on base; Germantown 1 - Bompton 12
TOP OF THE 9TH
Germantown Uruguayans batting - Pitching for Bompton Baby Lakers : RHP Pablo Ramos
Batting: RHB Dana O'Quinlevan 0-0: Ball
1-0: Ball
2-0: Ball
3-0: Called Strike
3-1: Base on Balls
Batting: RHB Pancho Hernández 0-0: Foul Ball, location: 2F
0-1: Ball
1-1: Foul Ball, location: 2F
1-2: Foul Ball, location: 2F
1-2: Strikes out swinging
Batting: RHB D'Artagnan Rasberry 0-0: Ball
1-0: Ball
2-0: Ball
3-0: Called Strike
3-1: Foul Ball, location: 2F
3-2: Fly out, F6 (Flyball, 56D, EV 76.2 MPH)
Batting: LHB Mhelter Narcida 0-0: Called Strike
0-1: Foul Ball, location: 2F
0-2: Ball
1-2: Fly out, F8 (Line Drive, 8LM, EV 89.4 MPH)
Top of the 9th over - 0 runs, 0 hits, 0 errors, 1 left on base; Germantown 1 - Bompton 12
Wednesday, July 8th, 2020 - OOTP Baseball 20.8 Build 74